 Dungeon Crawl Stone Soup version 0.21-a0-344-g2144152 (webtiles) character file.

97 Dorkslayer the Skirmisher (level 4, -2/29 HPs)
             Began as a Gargoyle Fighter on Oct 4, 2017.
             Killed by divine providence
             ... invoked by an orc priest
              (16 damage)
             ... on level 3 of the Dungeon.
             The game lasted 00:06:23 (1666 turns).

Dorkslayer the Skirmisher (Gargoyle Fighter)        Turns: 1666, Time: 00:06:24

Health: -2/29      AC: 16    Str: 20    XL:     4   Next: 68%
Magic:  4/4        EV:  5    Int:  8    God:
Gold:   78         SH:  9    Dex: 10    Spells: 3/3 levels left

rFire    + . .     SeeInvis .   a - +0 war axe
rCold    + + .     Gourm    .   c - +0 shield
rNeg     + . .     Faith    .   t - +0 chain mail
rPois    ∞         Spirit   .   (no helmet)
rElec    +         Reflect  .   m - scarf {rC+ rF+}
rCorr    .         Harm     .   (no gloves)
MR       .....                  y - +2 pair of boots
Stlth    ..........             h - amulet of regeneration
HPRegen  0.49/turn              p - ring of flight
MPRegen  0.09/turn              b - ring of protection from cold

@: no status effects
A: negative energy resistance 1, electricity resistance, unbreathing,
petrification resistance, rot immunity, AC +3
a: Evoke Flight


You were on level 3 of the Dungeon.
You were not hungry.

You visited 1 branch of the dungeon, and saw 3 of its levels.

You collected 78 gold pieces.

Inventory:

Hand Weapons
 a - a +0 war axe (weapon)
Armour
 c - a +0 shield (worn)
 m - a scarf of resistance (worn)
 t - a +0 chain mail (worn)
 y - a +2 pair of boots (worn)
Jewellery
 b - a ring of protection from cold (right hand)
 h - an amulet of regeneration (around neck)
 p - a ring of flight (left hand)
Scrolls
 j - a scroll of random uselessness {unknown}
 k - 2 scrolls of remove curse {unknown}
 n - a scroll of immolation {unknown}
 o - a scroll of teleportation {unknown}
 r - a scroll of blinking {unknown}
 s - 2 scrolls of enchant armour {unknown}
 u - 2 scrolls of identify {unknown}
Potions
 d - a potion of might
 e - 3 potions of curing {unknown}
 i - a potion of mutation {unknown}
 l - a potion of flight {unknown}
 q - 3 potions of heal wounds {unknown}
 v - a potion of haste {unknown}
 x - a potion of resistance {unknown}
Comestibles
 f - 2 bread rations
 g - 2 meat rations
 w - 5 chunks of flesh


   Skills:
 * Level 3.7 Fighting
 + Level 2.5 Axes
 * Level 1.2 Throwing
 + Level 3.5 Armour
 * Level 1.0 Dodging
 + Level 0.5 Stealth
 + Level 3.7 Shields
 * Level 0.6 Evocations


You had 3 spell levels left.
You didn't know any spells.

Dungeon Overview and Level Annotations

Branches:
Dungeon (3/15)

Altars:
Makhleb


Innate Abilities, Weirdness & Mutations

You are resistant to torment.
Your stone body is resilient. (AC +3)
You are immune to poison.
You resist negative energy. (rN+)
You are resistant to electric shocks. (rElec)
You can survive without breathing.
You are immune to petrification.
You are immune to rotting.


Message History

You closely miss something. You barely miss the leopard gecko.
The leopard gecko bites you but does no damage.
You block the leopard gecko's attack. Something hits you but does no damage.
The leopard gecko barely misses you. x2
Unknown command.
You miss the leopard gecko.
Your chain mail prevents you from hitting the leopard gecko.
You miss something. Something hits you but does no damage.
You block the leopard gecko's attack. The leopard gecko barely misses you.
You hear some strange, mumbled words.
A puff of flame appears from out of thin air!
The puff of flame hits you! You resist.
The leopard gecko bites you but does no damage.
You closely miss the leopard gecko. You miss the leopard gecko.
You closely miss something.
The leopard gecko bites you but does no damage.
The orc priest mumbles some strange prayers to Beogh against you.
Beogh smites you!
Ouch! That really hurt!
You die... #.# ....## .. .....# #.# ..... .. .llo

######### #.#..#
........# ..o.#
######@#########o..#
#....ll{o[....%l...#
#.....oS.#######..##
#........# #..#
########## #....
#...## #...# ....#
##.##


You could see an orc priest, an adder, an orc and 2 leopard geckos.

Vanquished Creatures
  A crimson imp (D:2)
  An adder (D:2)
  A dart slug (D:2)
  3 leopard geckos
  An orc (D:3)
  3 giant cockroaches
  7 goblins
  6 hobgoblins
  4 kobolds (D:1)
  9 bats
  5 frilled lizards
  4 rats (D:1)
45 creatures vanquished.

Notes
Turn   | Place    | Note
-------+----------+-------------------------------------------
     0 | D:1      | Dorkslayer the Gargoyle Fighter began the quest for the Orb.
     0 | D:1      | Reached XP level 1. HP: 14/14 MP: 1/1
    93 | D:1      | Reached XP level 2. HP: 16/19 MP: 2/2
   319 | D:1      | Reached XP level 3. HP: 23/23 MP: 3/3
   518 | D:2      | Found a burning altar of Makhleb.
  1079 | D:2      | Reached skill level 1 in Throwing
  1079 | D:2      | Reached skill level 1 in Dodging
  1079 | D:2      | Reached XP level 4. HP: 25/29 MP: 4/4
  1666 | D:3      | Killed from afar by an orc priest

Vault maps used:
D:1:      minmay_arrival_three_doors
D:2:      bloody_makhleb
D:3:      uniq_ijyb

Skill      XL: |  1  2  3 |
---------------+----------+-----
Axes           | 2 |  2.5
Throwing       | 1 |  1.2
Dodging        | 1 |  1.0
Fighting       | |  3.7
Armour         | |  3.5
Stealth        | |  0.5
Shields        | |  3.7
Evocations     | |  0.6

Action                   |  1- 3 |  4- 6 || total
-------------------------+-------+-------++-------
Melee: War axe           |   136 |    45 ||   181
  Eat: Chunk             |     1 |     2 ||     3
Armor: Scale mail        |    58 |       ||    58
       Chain mail        |    24 |    46 ||    70
Dodge: Dodged            |    48 |    13 ||    61
Block: Shield            |    87 |    28 ||   115

Table legend:
 A = Spawn XP
 B = Non-spawn XP
 C = Spawn XP percentage of total XP
 D = Spawn monster count
 E = Non-spawn monster count
 F = Spawn count percentage of total count
 G = Total turns spent on level
                    A         B        C        D         E        F      G
               +---------+---------+-------+---------+---------+-------+---------
         Total |       0 |     139 |   0.0 |       0 |      45 |   0.0 |  1666
               +---------+---------+-------+---------+---------+-------+---------
           D:1 |       0 |      40 |   0.0 |       0 |      25 |   0.0 |   518
           D:2 |       0 |      89 |   0.0 |       0 |      15 |   0.0 |  1104
           D:3 |       0 |      10 |   0.0 |       0 |       5 |   0.0 |    44
               +---------+---------+-------+---------+---------+-------+---------
